Map: Ever Dream LE

Players

TIME (Oliveira)

  • Race: Terran Terran
  • Spawn Location: 1:00

Serral - Winner!

  • Race: Zerg Zerg
  • Spawn Location: 7:00

Event: War Chest Team League

VOD

Have the link to the VOD?

Description

Time

  • Played on: Aug. 16, 2020, 9:03 a.m.
  • Length: 21:47
Show
View Real Time Build Order
Export as new Build Order

TIME Terran 

Build Orders: Reaper Expand, Hellion Banshee 

Get SALT Encoding   

  12  0:00  SCV  
  13  0:12  SCV  
  14  0:17  Supply Depot  
  14  0:24  SCV  
  15  0:38  SCV  
  15  0:41  Barracks  
  16  0:44  Refinery  
  16  0:50  SCV  
  17  1:03  SCV  
  18  1:15  SCV  
  19  1:28  Reaper, Orbital Command  
  20  1:40  Command Center  
  20  1:48  Supply Depot  
  20  1:54  SCV  
  20  2:00  Marine  
  22  2:06  SCV  
  23  2:09  Factory  
  23  2:16  Refinery  
  23  2:18  SCV  
  23  2:20  Barracks Reactor  
  24  2:30  SCV  
  25  2:42  SCV  
  26  2:53  Orbital Command  
  26  2:54  Starport  
  26  2:57  SCV  
  27  3:01  Hellion x2  
  27  3:03  Barracks Tech Lab  
  31  3:09  SCV  
  32  3:20  SCV  
  32  3:21  SCV  
  32  3:22  Hellion x2  
  32  3:26  Supply Depot  
  38  3:32  SCV  
  38  3:34  SCV  
  40  3:36  Marine  
  40  3:38  Banshee  
  44  3:45  Hellion  
  44  3:48  SCV, Hellion  
  49  3:50  SCV, Supply Depot  
  50  4:00  SCV  
  51  4:02  Barracks Tech Lab  
  51  4:03  SCV  
  51  4:07  Hellion  
  51  4:09  Supply Depot  
  54  4:12  Hellion  
  54  4:15  SCV x2  
  58  4:21  Raven  
  58  4:22  Stimpack  
  60  4:32  SCV x2  
  60  4:33  Command Center  
  62  4:43  Factory Reactor  
  62  4:44  Supply Depot, Marine  
  63  4:45  SCV  
  63  4:46  Barracks  
  63  4:49  Barracks  
  63  4:50  SCV  
  64  4:58  SCV  
  65  5:04  SCV  
  65  5:05  Marine  
  67  5:10  SCV  
  67  5:11  Engineering Bay x2  
  67  5:12  Refinery  
  67  5:13  Refinery  
  67  5:14  Starport Reactor  
  68  5:16  SCV, Supply Depot  
  69  5:22  SCV  
  69  5:28  SCV, Marine, Siege Tank  
  74  5:34  SCV  
  76  5:40  SCV  
  77  5:45  Terran Infantry Weapons Level 1, Terran Infantry Armor Level 1  
  77  5:46  Marine  
  77  5:49  Marine x4  
  81  5:51  Orbital Command  
  81  5:54  SCV  
  83  6:00  SCV  
  83  6:02  Medivac x2  
  88  6:04  Marine  
  88  6:07  Marine  
  88  6:10  Marine  
  88  6:12  Supply Depot  
  88  6:13  Combat Shield, Marine  
  89  6:19  Barracks  
  89  6:20  Barracks  
  89  6:21  Marine  
  89  6:23  Marine, Siege Tank  
  89  6:24  SCV  
  95  6:28  SCV, Orbital Command  
  95  6:29  Marine x2  
  98  6:35  Marine  
  98  6:37  SCV  
  98  6:39  Medivac  
  102  6:40  Medivac, Marine  
  102  6:43  Supply Depot  
  102  6:44  Marine  
  106  6:47  SCV  
  106  6:49  SCV  
  106  6:52  Marine  
  109  6:57  Armory  
  109  6:59  Armory, Supply Depot  
  109  7:04  Marine x2  
  109  7:05  SCV, Supply Depot, Siege Tank  
  109  7:08  SCV x2  
  117  7:11  Barracks Reactor, Supply Depot  
  117  7:15  Barracks Reactor  
  117  7:17  SCV  
  117  7:20  Marine  
  117  7:21  SCV x2  
  120  7:23  Marine x2  
  120  7:28  Supply Depot  
  120  7:29  SCV, Supply Depot  
  120  7:36  Marine  
  103  7:38  Medivac x2  
  103  7:39  SCV  
  103  7:40  Marine  
  109  7:46  Marine x2  
  109  7:50  Marine x2  
  116  7:51  SCV, Siege Tank  
  116  7:52  SCV x2  
  116  7:53  Refinery x2, Marine  
  116  7:54  Supply Depot  
  116  7:57  Marine x2  
  122  8:01  Marine x2  
  124  8:12  Marine x2  
  124  8:13  Marine  
  124  8:14  Marine  
  124  8:15  SCV, Marine  
  124  8:18  Marine  
  124  8:19  Marine  
  128  8:20  Factory  
  128  8:22  SCV x2  
  128  8:24  Marine  
  128  8:25  Supply Depot  
  125  8:27  Marine  
  125  8:38  Marine  
  125  8:39  Marine x2  
  125  8:40  Marine x4, Siege Tank  
  125  8:41  Medivac x2  
  124  8:42  SCV, Marine  
  124  8:45  Factory, Marine  
  127  8:49  Terran Infantry Weapons Level 2  
  127  8:56  Marine  
  127  9:01  Marine  
  127  9:02  Command Center  
  129  9:03  SCV, Marine  
  129  9:06  Factory Reactor, Marine  
  129  9:09  Drilling Claws, Barracks  
  132  9:12  Marine, Barracks  
  132  9:14  Marine x2, Barracks  
  135  9:18  Marine  
  135  9:20  Marine  
  135  9:21  Marine  
  135  9:23  Widow Mine  
  140  9:25  SCV  
  140  9:26  Marine  
  140  9:29  SCV, Liberator x2  
  149  9:37  Marine  
  149  9:38  Marine  
  148  9:47  Marine  
  148  9:48  Marine  
  148  9:50  Marine  
  148  9:51  Marine x2  
  146  9:53  Marine x2, Widow Mine  
  146  9:55  Widow Mine  
  146  9:56  Marine  
  146  9:58  Marine  
  143  10:00  Widow Mine  
  143  10:02  SCV  
  143  10:04  Barracks Tech Lab x2  
  143  10:05  Marine, Barracks Tech Lab  
  143  10:06  Marine  
  148  10:07  Sensor Tower  
  148  10:08  Marine  
  148  10:11  Marine x2  
  148  10:13  SCV  
  151  10:15  Medivac x2  
  151  10:17  Widow Mine  
  151  10:19  Marine  
  158  10:22  Marine  
  158  10:24  Widow Mine  
  158  10:27  Marine x2  
  162  10:32  Widow Mine  
  164  10:36  Marine x4  
  164  10:37  Marauder x2, Marine  
  164  10:38  Marauder  
  164  10:39  Widow Mine  
  174  10:44  Marine  
  172  10:51  Planetary Fortress  
  172  10:52  Marine  
  173  10:57  Missile Turret  
  173  10:58  Marine  
  172  11:07  Marine x2  
  172  11:08  Marauder  
  172  11:09  Widow Mine  
  172  11:10  Widow Mine x2  
  182  11:12  Medivac x2, Marine x2  
  182  11:16  Marauder  
  182  11:17  Marine  
  188  11:20  Marine x3  
  188  11:24  Supply Depot  
  188  11:25  Marauder  
  188  11:33  Widow Mine  
  188  11:38  Widow Mine  
  183  11:40  Widow Mine  
  183  11:44  Command Center  
  180  11:47  Supply Depot  
  180  11:49  Medivac x2  
  184  11:57  Missile Turret  
  184  11:58  Marauder x2  
  184  11:59  Marauder x2  
  184  12:00  Concussive Shells, Terran Infantry Weapons Level 3  
  189  12:08  Missile Turret  
  189  12:10  Terran Infantry Armor Level 2  
  189  12:13  Marine  
  189  12:19  Marauder  
  195  12:36  Marauder, Marine x2  
  187  12:52  Marine x3  
  187  12:53  Marauder  
  187  12:56  Widow Mine x2  
  187  12:57  Marine x2  
  187  12:58  Medivac, Marauder  
  200  13:05  Marine  
  196  13:08  Marine  
  196  13:09  Marine  
  199  13:15  Marine  
  199  13:16  Marauder  
  194  13:20  Marine  
  190  13:29  Marauder, Marine x2  
  190  13:30  Widow Mine x2  
  161  13:35  Marine x3  
  161  13:36  Marauder x2  
  161  13:37  Planetary Fortress  
  161  13:38  Medivac x2, Marine  
  160  13:46  Marauder, Marine  
  160  13:48  Marine x2  
  165  13:51  Marauder  
  165  13:52  Marine, Barracks x2  
  165  13:53  Barracks  
  165  13:55  Marine  
  169  13:56  Marine  
  169  13:57  Marauder  
  169  13:58  Marauder  
  169  14:00  Widow Mine x2  
  178  14:06  Marine x2  
  180  14:14  Marine  
  157  14:18  Marine  
  157  14:20  Marine x2  
  157  14:21  Marauder  
  157  14:23  Marine x3  
  132  14:24  SCV  
  132  14:25  SCV, Marine x2  
  132  14:26  Missile Turret  
  132  14:27  Medivac x2, Widow Mine x2  
  135  14:32  Marine  
  135  14:34  SCV  
  135  14:35  SCV  
  135  14:37  SCV x2, Marine x3  
  143  14:38  Marine x2  
  143  14:40  SCV  
  143  14:41  Marine  
  143  14:44  Barracks Tech Lab  
  140  14:46  SCV, Missile Turret  
  140  14:50  Widow Mine x2  
  140  14:52  Marine  
  145  14:54  Marine x2  
  145  14:57  Marine, Sensor Tower  
  149  15:00  SCV  
  149  15:02  Marine  
  149  15:03  SCV, Marine x2  
  149  15:05  Medivac  
  149  15:06  Medivac  
  156  15:07  Marine  
  156  15:08  Marine  
  156  15:10  Marine  
  156  15:12  SCV x3  
  156  15:13  SCV  
  162  15:15  Marine x2  
  162  15:19  Widow Mine x2  
  162  15:20  Marine  
  169  15:35  Medivac, Marauder x2, Marine  
  172  15:36  Marine x3  
  172  15:38  Terran Infantry Armor Level 3  
  172  15:39  SCV x2, Marauder, Marine x2  
  185  15:43  Marauder  
  185  15:45  Marine  
  185  15:48  Marine  
  174  15:50  Marine  
  174  15:52  SCV  
  174  15:56  Marauder x2  
  180  15:59  Thor  
  180  16:02  Marine  
  179  16:06  Marine x2  
  179  16:08  SCV  
  179  16:11  Marine x2  
  178  16:12  Marauder, Marine x3  
  178  16:13  Widow Mine x2  
  189  16:19  Command Center  
  189  16:23  Marauder, Marine x2  
  169  16:34  Marine  
  169  16:35  Marauder, Marine x2  
  169  16:39  Marine  
  168  16:47  Marine x4  
  168  16:48  Marauder  
  168  16:50  Widow Mine x2, Liberator x2  
  168  16:51  Barracks Reactor  
  184  16:54  Marine  
  184  16:57  Marauder  
  184  16:58  Marine  
  184  16:59  Marine x2  
  192  17:01  Widow Mine  
  190  17:09  Marauder  
  190  17:12  Widow Mine  
  190  17:17  SCV  
  190  17:18  Marauder, Marine x2  
  190  17:20  Marine x2  
  190  17:22  SCV x2  
  186  17:45  Marine  
  186  17:46  Marine  
  186  17:47  Marauder, Marine x2  
  186  17:48  Widow Mine x2  
  194  17:55  Marine x2  
  194  17:56  Marine x2  
  194  17:57  Marauder, Marine  
  194  17:58  Medivac  
  196  18:02  SCV x2  
  198  18:09  Marauder  
  194  18:15  Missile Turret  
  194  18:18  Marauder, Marine x3  
  174  18:21  Marine x3  
  174  18:22  Widow Mine  
  174  18:26  Marine x4  
  165  18:28  Widow Mine x2  
  165  18:29  Medivac x2  
  165  18:30  Marauder  
  173  18:35  SCV  
  173  18:36  Marine x2  
  173  18:38  SCV  
  173  18:39  SCV, Marine x2  
  173  18:40  Marauder  
  180  18:41  SCV  
  180  18:48  Marine  
  178  18:50  Planetary Fortress  
  178  18:51  Marauder, Missile Turret, Marine  
  178  18:52  Marine x2  
  178  18:53  Widow Mine  
  178  18:54  Widow Mine  
  178  18:55  Widow Mine, Marine x4  
  188  19:01  Marauder, Liberator x2  
  198  19:07  Marine x2  
  199  19:13  Marauder  
  199  19:15  Widow Mine  
  184  19:23  Marauder  
  185  19:26  Marine x2, Barracks Tech Lab  
  185  19:27  Widow Mine x2  
  181  19:34  Marauder  
  171  19:38  Marine  
  171  19:40  Marine x2  
  171  19:41  Widow Mine  
  171  19:42  SCV  
  171  19:44  Marauder  
  179  19:45  Marine  
  179  19:46  Marauder  
  179  19:48  Marine x2  
  184  19:54  Marine x3  
  184  19:56  Marauder  
  184  19:57  Widow Mine  
  184  19:59  Marine x2  
  191  20:01  SCV  
  191  20:05  Marauder, Command Center  
  192  20:07  Marauder  
  185  20:14  Marine  
  185  20:16  Widow Mine  
  185  20:17  Marauder  
  185  20:19  Widow Mine  
  188  20:21  Medivac  
  188  20:23  Marine  
  188  20:27  Marauder  
  193  20:30  Marine x2  
  193  20:31  Marauder  
  151  20:38  Marine x2  
  151  20:39  Marauder, Marine x2  
  151  20:40  Marine  
  151  20:41  Medivac, Widow Mine x2  
  160  20:48  Marauder, Marine  
  160  20:49  Marine  
  154  20:52  Marauder  
  154  20:54  Marine  
  154  20:55  Widow Mine  
  154  20:56  Marine x2  
  160  21:00  Medivac, Marauder  
  160  21:01  Orbital Command, Marine  
  160  21:02  Marine x2  
  171  21:04  Widow Mine x2  
  171  21:07  Supply Depot x2  
  171  21:08  Marine  
  171  21:10  Missile Turret  
  171  21:11  Marine x2  
  159  21:18  Marine x2  
  159  21:25  Marine  
  159  21:26  Marine x2  
Show
View Real Time Build Order
Export as new Build Order

Serral Zerg - Winner!

Build Orders: Hatch First, Muta Ling Bane 

Get SALT Encoding   

  12  0:00  Drone  
  13  0:12  Overlord  
  13  0:16  Drone  
  14  0:30  Drone x2  
  16  0:47  Hatchery  
  15  0:50  Drone  
  15  0:54  Drone  
  17  0:57  Drone  
  18  1:07  Extractor  
  17  1:12  Spawning Pool  
  17  1:15  Drone  
  17  1:18  Drone  
  18  1:27  Drone  
  19  1:38  Drone  
  20  1:49  Overlord  
  20  1:59  Queen x2  
  20  2:01  Zergling x4  
  26  2:09  Drone  
  26  2:11  Drone, Metabolic Boost  
  28  2:20  Drone  
  28  2:22  Drone  
  30  2:32  Spore Crawler  
  29  2:38  Hatchery  
  29  2:40  Drone x2  
  31  2:46  Queen  
  33  2:51  Overlord  
  33  2:53  Drone  
  33  2:56  Drone  
  35  2:59  Drone  
  36  3:10  Drone x4  
  36  3:12  Overlord  
  40  3:15  Drone  
  40  3:19  Drone  
  42  3:21  Queen  
  42  3:26  Overlord  
  44  3:29  Overlord  
  44  3:37  Zergling x2  
  46  3:41  Zergling x4  
  46  3:42  Drone  
  46  3:43  Drone  
  49  3:51  Zergling x2, Queen  
  49  3:53  Drone  
  49  3:54  Drone x2  
  55  3:56  Drone x2  
  55  3:57  Queen  
  55  3:59  Zergling x2  
  60  4:03  Overlord  
  60  4:05  Drone  
  61  4:11  Zergling x2  
  61  4:13  Drone  
  61  4:16  Drone  
  64  4:22  Baneling Nest  
  64  4:23  Drone x2  
  65  4:24  Lair  
  65  4:26  Zergling x2  
  65  4:27  Drone  
  65  4:28  Drone x2  
  65  4:30  Queen  
  71  4:32  Overlord  
  71  4:34  Drone x2  
  71  4:36  Drone  
  74  4:41  Spore Crawler  
  74  4:45  Zergling x2, Extractor x2  
  71  4:46  Drone x2  
  71  4:49  Overlord  
  71  4:52  Overlord  
  74  4:58  Zergling x2  
  74  4:59  Zergling x2  
  76  5:01  Drone x2  
  76  5:03  Drone x2  
  76  5:04  Drone x2  
  76  5:06  Overlord  
  82  5:09  Overlord  
  82  5:10  Drone x3  
  82  5:11  Drone  
  82  5:12  Extractor  
  85  5:21  Evolution Chamber  
  85  5:22  Centrifical Hooks  
  85  5:23  Evolution Chamber  
  85  5:25  Drone  
  85  5:26  Hatchery, Drone  
  85  5:27  Drone  
  84  5:31  Zergling x2  
  84  5:32  Drone  
  84  5:34  Drone  
  87  5:38  Overlord  
  87  5:39  Drone  
  87  5:40  Drone x4  
  92  5:43  Drone  
  92  5:44  Drone x3  
  92  5:46  Overseer  
  96  5:52  Zerg Melee Weapons Level 1, Zerg Ground Armor Level 1  
  96  5:59  Hatchery  
  96  6:02  Overlord  
  96  6:03  Extractor  
  96  6:04  Zergling x8  
  98  6:11  Extractor  
  98  6:12  Drone  
  98  6:14  Zergling x2  
  98  6:15  Zergling x14  
  106  6:18  Drone  
  106  6:21  Overlord  
  106  6:25  Overlord  
  107  6:32  Zergling x8  
  111  6:37  Overlord  
  111  6:44  Drone x3, Spire  
  111  6:46  Baneling x10  
  111  6:47  Baneling x2  
  113  6:48  Drone  
  113  6:49  Overlord  
  113  6:50  Zergling x2  
  113  6:51  Zergling x10  
  120  7:04  Zergling x8  
  123  7:08  Baneling x3  
  123  7:09  Baneling x5  
  123  7:13  Zergling x8  
  123  7:14  Queen  
  129  7:22  Overlord  
  129  7:25  Drone x3  
  125  7:34  Zergling x14  
  114  7:38  Baneling x2  
  114  7:39  Baneling  
  114  7:42  Zergling x6  
  114  7:43  Baneling x2  
  117  7:50  Zergling x6  
  117  7:51  Zergling x16  
  125  7:52  Baneling x18  
  125  7:57  Zerg Melee Weapons Level 2  
  125  7:59  Zerg Ground Armor Level 2  
  125  8:00  Hatchery  
  124  8:11  Zergling x22  
  127  8:15  Baneling x4  
  125  8:22  Zergling x12  
  117  8:36  Zergling x14  
  117  8:40  Baneling x2  
  111  8:41  Baneling x4  
  111  8:46  Zergling x2  
  111  8:47  Zergling x24  
  120  8:50  Queen  
  120  8:53  Baneling  
  120  8:54  Baneling x5  
  122  8:56  Overlord  
  122  9:00  Zergling x8  
  126  9:03  Baneling x5  
  126  9:04  Baneling  
  126  9:09  Zergling x2  
  129  9:10  Zergling x4  
  129  9:12  Queen  
  129  9:14  Baneling x6  
  129  9:15  Zergling x18  
  139  9:25  Baneling x4  
  139  9:26  Zergling x14  
  137  9:49  Mutalisk x12  
  137  9:52  Zergling x8  
  160  9:57  Unknown  
  160  9:58  Drone x2  
  160  9:59  Overlord, Drone  
  162  10:01  Baneling x8  
  162  10:07  Zerg Flyer Weapons Level 1  
  162  10:09  Drone x4  
  162  10:10  Zergling x6  
  162  10:13  Baneling x4  
  167  10:16  Overlord  
  167  10:23  Drone x2  
  167  10:24  Infestation Pit, Pneumatized Carapace  
  167  10:26  Zergling x12  
  174  10:30  Overseer  
  174  10:34  Baneling x2  
  173  10:41  Zergling x22  
  181  10:45  Overlord  
  181  10:50  Mutalisk x3  
  181  10:51  Mutalisk  
  181  10:53  Overlord  
  181  10:56  Mutalisk  
  191  11:01  Zergling x16  
  197  11:11  Mutalisk  
  196  11:23  Zergling x8  
  196  11:24  Overseer  
  199  11:32  Baneling x8  
  197  11:44  Hive  
  196  11:50  Zergling x6  
  195  11:54  Baneling x7  
  194  12:03  Spine Crawler, Spore Crawler, Drone x3  
  194  12:04  Spore Crawler  
  194  12:06  Zergling x2  
  194  12:07  Zergling x10, Overseer  
  199  12:09  Zerg Flyer Weapons Level 2, Burrow  
  199  12:10  Hatchery, Overseer  
  199  12:11  Overseer  
  197  12:19  Overseer  
  193  12:25  Mutalisk x4  
  199  12:43  Baneling  
  199  12:44  Baneling x9  
  171  12:52  Mutalisk x4  
  171  12:53  Mutalisk  
  171  12:55  Zergling x44  
  199  13:04  Zerg Ground Armor Level 3  
  199  13:09  Spawning Pool  
  199  13:10  Zerg Melee Weapons Level 3  
  198  13:15  Zergling x4  
  198  13:18  Baneling x11  
  176  13:35  Drone x3  
  176  13:39  Hatchery  
  177  13:44  Ultralisk Cavern  
  176  13:49  Overlord  
  176  13:52  Drone x5  
  176  13:53  Drone x3, Extractor  
  183  13:55  Drone  
  183  13:56  Drone x2, Extractor  
  183  13:58  Adrenal Glands  
  183  13:59  Spore Crawler  
  184  14:03  Baneling  
  184  14:04  Baneling x8  
  184  14:05  Zergling x2, Overlord  
  184  14:06  Zergling x18  
  162  14:26  Zergling x12  
  162  14:27  Zergling x16  
  162  14:29  Infestation Pit  
  162  14:31  Ultralisk Cavern  
  167  14:35  Chitinous Plating  
  167  14:36  Drone x3  
  170  14:46  Drone x5  
  170  14:50  Overseer, Baneling x4  
  170  14:52  Zergling x28  
  189  14:59  Zerg Flyer Weapons Level 3  
  181  15:07  Ultralisk  
  187  15:14  Ultralisk x2  
  187  15:20  Overseer  
  199  15:28  Baneling  
  195  15:41  Zerg Missile Weapons Level 1  
  195  15:48  Zergling x2  
  195  15:49  Zergling x32  
  199  15:50  Baneling x5  
  199  15:53  Anabolic Synthesis  
  199  15:58  Hatchery  
  192  16:06  Drone x6  
  195  16:11  Overseer  
  195  16:15  Baneling x9  
  195  16:16  Zergling x8  
  198  16:26  Baneling x8  
  191  16:34  Baneling x8  
  191  16:39  Zergling x28  
  198  16:54  Zergling x4  
  198  16:58  Hatchery  
  194  17:11  Zergling x16  
  194  17:14  Baneling x19  
  199  17:20  Spore Crawler  
  199  17:21  Spine Crawler  
  197  17:28  Zergling x2  
  197  17:29  Zergling x2  
  199  17:36  Zerg Flyer Armor Level 1  
  188  17:50  Ultralisk x2  
  188  17:51  Ultralisk  
  197  18:06  Baneling x12  
  197  18:10  Zergling x6  
  173  18:20  Zergling x32, Ultralisk x2  
  173  18:21  Zergling x2  
  173  18:22  Overlord  
  173  18:23  Overlord x2  
  173  18:26  Overlord  
  189  18:28  Overlord  
  183  18:34  Drone  
  183  18:39  Spore Crawler  
  183  18:40  Overlord  
  183  18:41  Overlord x2, Overseer x2  
  182  18:43  Drone  
  182  18:45  Drone  
  180  18:50  Zergling x14, Ultralisk x2  
  199  18:56  Baneling x3  
  199  18:59  Overseer  
  199  19:06  Baneling x15  
  195  19:17  Zergling x8, Ultralisk  
  195  19:23  Overlord x2, Overseer  
  186  19:34  Zergling x34  
  192  19:40  Zergling x6, Ultralisk  
  199  19:48  Overseer  
  199  19:56  Overseer  
  198  20:03  Zergling x14  
  198  20:04  Zergling x2  
  198  20:17  Zergling x4  
  198  20:18  Overseer  
  200  20:22  Baneling x13  
  179  20:37  Zergling x20, Ultralisk x2  
  200  20:45  Hatchery  
  199  20:53  Overseer  
  199  20:54  Zergling x2  
  199  20:55  Zergling x14  
  200  21:02  Extractor x2  
  200  21:03  Drone x2  
  200  21:11  Baneling x15  
  199  21:12  Hatchery  
  195  21:20  Baneling x17  
  195  21:22  Zergling x8  
Tags
 
Add a new tag
Caveats
  • Supply blocks, unpowered buildings, or Contaminate may cause inaccurate times.
  • Supply counts are checked every 10 seconds.